 Dungeon Crawl Stone Soup version 0.24-a0-378-g94936e539c (webtiles) character file.

Game seed: 18074833717157943877

85 Iscandelvey the Vexing (level 4, -1/32 HPs)
             Began as a Demonspawn Arcane Marksman on June 1, 2019.
             Shot with an arrow by a centaur (5 damage)
             ... on level 3 of the Dungeon.
             The game lasted 00:01:35 (1350 turns).

Iscandelvey the Vexing (Demonspawn Arcane Marksman) Turns: 1350, Time: 00:01:35

Health: -1/32      AC:  2    Str: 11    XL:     4   Next: 25%
Magic:  6/6        EV: 12    Int: 15    God:
Gold:   150        SH:  0    Dex: 13    Spells: 5/6 levels left

rFire    . . .     SeeInvis .   a - +0 hunting sling
rCold    . . .     Gourm    .   (no shield)
rNeg     . . .     Faith    .   e - +0 robe
rPois    .         Spirit   .   (helmet restricted)
rElec    .         Reflect  .   (no cloak)
rCorr    .         Harm     .   (no gloves)
MR       .....                  (no boots)
Stlth    +.........             (no amulet)
HPRegen  0.10/turn              (no ring)
MPRegen  0.10/turn              (no ring)

@: no status effects
A: antennae 1, powered by pain 1
a: no special abilities


You were on level 3 of the Dungeon.
You were not hungry.

You visited 1 branch of the dungeon, and saw 3 of its levels.

You collected 150 gold pieces.

Inventory:

Hand Weapons
 a - a +0 hunting sling (weapon)
Missiles
 d - 33 sling bullets (quivered)
 g - 67 stones
Armour
 e - a +0 robe (worn)
Jewellery
 t - an uncursed ring of ice {unknown}
Scrolls
 b - a scroll of blinking {unknown}
 c - 2 scrolls of fog {unknown}
 h - 2 scrolls of noise {unknown}
 j - 3 scrolls of identify {unknown}
 l - 2 scrolls of amnesia {unknown}
 m - a scroll of magic mapping {unknown}
 o - 3 scrolls of enchant armour {unknown}
 q - a scroll of enchant weapon {unknown}
 s - a scroll of teleportation {unknown}
 u - a scroll of remove curse {unknown}
 v - a scroll of fear {unknown}
Potions
 i - a potion of haste {unknown}
 k - a potion of cancellation {unknown}
 n - a potion of curing {unknown}
 p - a potion of degeneration {unknown}
 r - a potion of heal wounds {unknown}
 w - a potion of might {unknown}
Comestibles
 f - 5 rations


   Skills:
 - Level 1.0 Fighting
 - Level 1.7(2.2) Slings
 * Level 2.1(2.4) Throwing
 + Level 2.3 Dodging
 + Level 1.9 Spellcasting
 + Level 3.4 Hexes


You had 5 spell levels left.
You knew the following spells:

 Your Spells              Type           Power        Failure   Level  Hunger
a - Corona                Hex            ##.....      5%          1    ##.....

Your spell library contained the following spells:

 Spells                   Type           Power        Failure   Level  Hunger
 Slow                     Hex            ##......     9%          2    ###....
 Inner Flame              Hex/Fire       #.......     32%         3    ####...
 Portal Projectile        Hex/Tloc       #.....       32%         3    ####...
 Cause Fear               Hex            ##........   47%         4    #####..
 Leda's Liquefaction      Hex/Erth       #.........   73%         4    #####..


Dungeon Overview and Level Annotations

Branches:
Dungeon (3/15)

Altars:


Innate Abilities, Weirdness & Mutations

You have a pair of small antennae on your head.
You sometimes gain a little power by taking damage.


Message History

You are too injured to fight recklessly!
A centaur is nearby!
A centaur is nearby!
You are too injured to fight recklessly!
You are too injured to fight recklessly!
A centaur is nearby!
Firing (i - inventory. (/) - cycle)
d - 35 sling bullets (quivered)
Press: ? - help, Shift-Dir - straight line, f/p - centaur
Aim: a centaur, wielding a +0 shortbow (lightly wounded)
You shoot a sling bullet.
The sling bullet barely misses the centaur.
The centaur shoots an arrow.
The arrow hits you!
* * * LOW HITPOINT WARNING * * *
Firing (i - inventory. (/) - cycle)
d - 34 sling bullets (quivered)
Press: ? - help, Shift-Dir - straight line, f/p - centaur
Aim: a centaur, wielding a +0 shortbow (lightly wounded)
You shoot a sling bullet. The sling bullet hits the centaur!
The centaur is heavily wounded.
The centaur shoots an arrow.
The arrow hits you.
You die...

# #.######
♣♣♣♣♣#######
#......# #....#†#
#....♣.♣ #....♣.♣
#....♣.♣ #....♣.♣
####.♣.♣###########♣
##♣.♣....@.....c(
#...###########
#####


You could see a centaur.

Vanquished Creatures
  3 adders
  An ooze (D:1)
  2 dart slugs (D:1)
  2 worms
  A leopard gecko (D:1)
  An orc (D:3)
  4 giant cockroaches
  4 goblins
  6 hobgoblins
  4 jackals (D:2)
  A kobold (D:1)
  A ball python (D:2)
  3 bats
  2 frilled lizards
  7 rats
42 creatures vanquished.

Notes
Turn   | Place    | Note
-------+----------+-------------------------------------------
     0 | D:1      | Iscandelvey the Demonspawn Arcane Marksman began the quest
                  | for the Orb.
     0 | D:1      | Reached XP level 1. HP: 15/15 MP: 2/2
    55 | D:1      | Gained mutation: You sometimes gain a little power by
                  | taking damage. [demonic ancestry]
    55 | D:1      | Reached XP level 2. HP: 21/21 MP: 3/3
   113 | D:1      | Reached skill level 1 in Throwing
   474 | D:2      | Reached XP level 3. HP: 22/26 MP: 5/5
  1198 | D:3      | Gained mutation: You have a pair of small antennae on your
                  | head. [demonic ancestry]
  1198 | D:3      | Reached XP level 4. HP: 28/32 MP: 6/6
  1347 | D:3      | Noticed a centaur
  1350 | D:3      | Shot with an arrow by a centaur

Levels and vault maps discovered:
D:1:      roderic_crossed_star, layout_rooms
D:2:      layout_basic
D:3:      layout_rooms, serial_forest, infiniplex_forest_zigzag_2,
          infiniplex_forest_lined_4_way, infiniplex_forest_straight_2,
          infiniplex_forest_end_3, infiniplex_forest_straight_2,
          infiniplex_forest_clump_medium, infiniplex_forest_clump_long

Skill      XL: |  1  2  3 |
---------------+----------+-----
Dodging        | 2 |  2.3
Throwing       | 1 2 |  2.1
Fighting       | |  1.0
Slings         | |  1.7
Spellcasting   | |  1.9
Hexes          | |  3.4

Action                   |  1- 3 |  4- 6 || total
-------------------------+-------+-------++-------
 Fire: Hunting sling     |   131 |    27 ||   158
  Eat: Chunk             |       |     1 ||     1
Armor: Robe              |     9 |     1 ||    10
Dodge: Dodged            |    28 |     6 ||    34

Table legend:
 A = Non-vault XP
 B = Vault XP
 C = Vault XP percentage of total XP
 D = Non-vault monster count
 E = Vault monster count
 F = Vault count percentage of total count
                 A         B        C        D         E       F
            +---------+---------+-------+---------+---------+-------
      Total |     122 |       0 |   0.0 |      42 |       0 |   0.0
            +---------+---------+-------+---------+---------+-------
        D:1 |      36 |       0 |   0.0 |      15 |       0 |   0.0
        D:2 |      57 |       0 |   0.0 |      20 |       0 |   0.0
        D:3 |      29 |       0 |   0.0 |       7 |       0 |   0.0
            +---------+---------+-------+---------+---------+-------
